 Dungeon Crawl Stone Soup version 0.18.1-8-gdd0e5ea (webtiles) character file.

11069 Scarto the Fighter (level 11, -11/87 HPs)
             Began as a Demonspawn Fighter on May 22, 2016.
             Was a High Priest of Trog.
             Mangled by a red ugly thing (18 damage)
             ... on level 11 of the Dungeon.
             The game lasted 00:23:26 (9799 turns).

Scarto the Fighter (Demonspawn Fighter)             Turns: 9799, Time: 00:23:26

Health: -11/87     AC: 18    Str: 19    XL:     11   Next: 44%
Magic:  0/11       EV:  9    Int: 13    God:    Trog [*****.]
Gold:   423        SH: 11    Dex: 16    Spells: 0 memorised, 10 levels left

rFire  . . .     SeeInvis .     b - +4 spear (flame)
rCold  . . .     Gourm    .     u - +2 plate armour
rNeg   . . .     Faith    .     c - +0 shield
rPois  .         Spirit   +     z - +2 hat
rElec  .         Dismiss  .     (no cloak)
rCorr  .         Reflect  .     (no gloves)
SustAt +         Harm     .     (no boots)
MR     .....     Clarity  +     C - amulet of guardian spirit
Stlth  ..........               p - +4 ring of intelligence
                                w - ring of sustain attributes

@: exhausted, slowed, very slow, not resistant to hostile enchantments,
extremely unstealthy
A: agile 1, clarity, demonic guardian 1, shaggy fur 1, spiny 2, sturdy frame 1
a: Berserk, Trog's Hand, Brothers in Arms, Burn Spellbooks, Renounce Religion


You were on level 11 of the Dungeon.
You worshipped Trog.
Trog was extremely pleased with you.
You were very hungry.

You visited 1 branch of the dungeon, and saw 11 of its levels.
You also visited: Sewer.

You collected 423 gold pieces.

Inventory:

Hand Weapons
 a - a +0 broad axe of chaos
 b - a +4 spear of flaming (weapon)
 E - a +2 flail of crushing
Missiles
 q - 140 bolts
 D - 10 tomahawks (quivered)
Armour
 c - a +0 shield (worn)
 u - a +2 plate armour (worn)
 z - a +2 hat (worn)
Jewellery
 p - a +4 ring of intelligence (right hand)
 w - a ring of sustain attributes (left hand)
 C - an amulet of guardian spirit (around neck)
 N - a +3 ring of intelligence
Wands
 j - a wand of paralysis (16/24)
 s - a wand of flame (39/48)
 y - a wand of teleportation (6/9)
 F - a wand of digging (13/24)
Scrolls
 m - 4 scrolls of recharging
 r - 2 scrolls of immolation
 t - 6 scrolls of remove curse
 A - a scroll of magic mapping
 G - a scroll of blinking {unknown}
 H - 3 scrolls of teleportation
 J - a scroll of brand weapon
Potions
 d - 4 potions of might
 e - 8 potions of curing
 g - 3 potions of magic
 k - 2 potions of haste
 l - 2 potions of brilliance
 n - a potion of agility
 o - 2 potions of flight
 v - 3 potions of lignification
 L - a potion of berserk rage
Comestibles
 f - 7 bread rations
 i - 4 meat rations
 I - 5 fruits


   Skills:
 + Level 8.9 Fighting
 + Level 7.7 Polearms
 + Level 8.1 Armour
 + Level 7.3 Dodging
 + Level 8.0 Shields


You had 10 spell levels left.
You didn't know any spells.

Dungeon Overview and Level Annotations

Branches:
Dungeon (11/15)            Temple (0/1) D:4
   Lair: D:8-11         Orc: D:9-12

Altars:
Ashenzari
Cheibriados
Elyvilon
Kikubaaqudgha
Makhleb
Nemelex Xobeh
Sif Muna
Trog
Vehumet

Annotations:
D:11 puimuR's ghost, novice HOBe


Innate Abilities, Weirdness & Mutations

A weak demonic guardian rushes to your aid.
You are mostly covered in sharp spines.
Your movements are slightly less encumbered by armour (ER -2).
You are agile. (Dex +2)
You possess an exceptional clarity of mind.
You are covered in fur (AC +1).


Message History

You feel yourself slow down.
You are feeling very hungry.
Something hits your iron imp!
Your iron imp closely misses the eight-headed hydra.
Something hits your iron imp.
Your iron imp hits the red ugly thing.
Something hits your iron imp!
Your iron imp dies!
The eight-headed hydra bites you but does no damage. x5
The eight-headed hydra bites you.
* * * LOW HITPOINT WARNING * * *
The eight-headed hydra bites you.
* * * LOW HITPOINT WARNING * * *
The eight-headed hydra bites you.
* * * LOW HITPOINT WARNING * * *
You can move again.
The red ugly thing is struck by your spines.
The red ugly thing engulfs you.
* * * LOW HITPOINT WARNING * * *
You are engulfed in flames!!
You die...

######..#........#
#..'.<......#
##.#........#
...####.#........#
.........#########
....####W## ..
#.T# #Du## ##.@#
#..# #... #....
##.... #...[.
##..### ..#


You could see an eight-headed hydra, a red ugly thing, a troll and puimuR's
ghost.

Vanquished Creatures
  A fire dragon (D:11)
  Erica (D:10)
  The ghost of imganon the Cleaver, a novice DsBe of Trog (D:8)
  2 ugly things (D:11)
  The ghost of Hipnos the Firebug, a novice GrFE (D:5)
  Grinder (D:4)
  2 blink frogs (D:11)
  A vampire (D:8)
  Eustachio (D:6)
  4 hippogriffs
  A mottled dragon (D:11)
  A soldier ant (D:10)
  2 water moccasins
  6 ice beasts
  3 black bears
  2 orc warriors (D:8)
  2 sky beasts
  An eye of draining (D:10)
  3 phantoms
  A necrophage (D:10)
  8 ogres
  5 centaurs
  15 big kobolds
  8 giant frogs
  4 scorpions
  A howler monkey (D:6)
  3 crimson imps
  2 quasits
  A centaur skeleton (D:11)
  7 orc priests
  6 hounds
  Crazy Yiuf (D:7)
  2 jellies
  2 giant frog skeletons
  2 iguanas
  4 worker ants
  Natasha (thrice) (D:5)
  4 orc wizards
  2 hound zombies (D:7)
  A hound skeleton (D:9)
  A worker ant zombie (D:7)
  5 gnolls
  7 adders
  A howler monkey skeleton (D:10)
  2 river rats (Sewer)
  2 shadow imps
  An ooze (D:4)
  2 adder skeletons
  A worm (D:2)
  3 dart slugs (D:1)
  3 giant geckos
  27 orcs
  7 ball pythons
  2 giant cockroaches
  10 goblins
  6 hobgoblins
  8 jackals
  3 quokkas
  8 bats
  A giant gecko skeleton (D:6)
  11 giant newts
  12 kobolds
  A quokka zombie (D:3)
  17 rats
259 creatures vanquished.

Vanquished Creatures (collateral kills)
  A blink frog (D:11)
  Sigmund (D:4)
  Menkaure (D:7)
  Edmund (D:4)
  An orc warrior (D:6)
  An ogre (D:7)
  A scorpion (D:8)
  An orc priest (D:8)
  A gnoll (D:3)
  6 orcs
  A quokka (D:8)
16 creatures vanquished.

Vanquished Creatures (others)
  A giant cockroach (D:3)
1 creature vanquished.

Grand Total: 276 creatures vanquished

Notes
Turn   | Place    | Note
--------------------------------------------------------------
     0 | D:1      | Scarto the Demonspawn Fighter began the quest for the Orb.
     0 | D:1      | Reached XP level 1. HP: 18/18 MP: 1/1
   251 | D:1      | Gained mutation: A weak demonic guardian rushes to your aid. [demonic ancestry]
   251 | D:1      | Reached XP level 2. HP: 23/24 MP: 2/2
   815 | D:1      | Reached XP level 3. HP: 29/29 MP: 3/3
   878 | D:2      | Found a bloodstained altar of Trog.
   906 | D:2      | Became a worshipper of Trog the Wrathful
  1040 | D:2      | Found a snail-covered altar of Cheibriados.
  1047 | D:2      | Found a bloodstained altar of Trog.
  2072 | D:3      | Reached XP level 4. HP: 35/35 MP: 4/4
  2091 | D:3      | Found a white marble altar of Elyvilon.
  2212 | D:3      | Reached skill level 1 in Dodging
  2404 | D:3      | Reached * piety under Trog
  2479 | D:3      | Reached XP level 5. HP: 38/42 MP: 5/5
  2600 | D:4      | Noticed Edmund
  2615 | D:4      | Killed Edmund
  2701 | D:4      | Noticed Sigmund
  2706 | D:4      | Killed Sigmund
  2706 | D:4      | Gained mutation: You are partially covered in sharp spines. [demonic ancestry]
  2706 | D:4      | Reached XP level 6. HP: 48/48 MP: 6/6
  2732 | D:4      | Noticed Natasha
  2758 | D:4      | Noticed an ice beast
  2768 | D:4      | Killed an ice beast
  2877 | D:4      | Gained mutation: You are mostly covered in sharp spines. [demonic ancestry]
  2877 | D:4      | Reached XP level 7. HP: 55/55 MP: 7/7
  2881 | D:4      | Noticed Grinder
  2888 | D:4      | Killed Grinder
  2924 | D:4      | Found a staircase to the Ecumenical Temple.
  3128 | D:4      | Found a shattered altar of Ashenzari.
  3128 | D:4      | Found a sparkling altar of Nemelex Xobeh.
  3182 | D:5      | Entered Level 5 of the Dungeon
  3285 | D:5      | Killed Natasha
  3459 | D:5      | Noticed Natasha
  3463 | D:5      | Killed Natasha
  3479 | D:5      | Noticed Natasha
  3483 | D:5      | Killed Natasha
  3498 | D:5      | Noticed Hipnos's ghost (novice GrFE)
  3513 | D:5      | Killed Hipnos's ghost
  3513 | D:5      | Reached skill level 5 in Fighting
  3513 | D:5      | Gained mutation: Your movements are slightly less encumbered by armour (ER -2). [demonic ancestry]
  3513 | D:5      | Reached XP level 8. HP: 62/62 MP: 8/8
  3556 | D:5      | Found a glowing drain.
  3564 | Sewer    | Entered a sewer
  3631 | Sewer    | Reached ** piety under Trog
  4359 | D:5      | Reached skill level 5 in Shields
  4571 | D:6      | Reached skill level 5 in Armour
  4690 | D:6      | Noticed Eustachio
  4736 | D:6      | Killed Eustachio
  5055 | D:6      | Reached skill level 5 in Polearms
  5055 | D:6      | Reached XP level 9. HP: 57/69 MP: 9/9
  5159 | D:7      | Gained mutation: Your mind is acute. (Int +2) [potion of mutation]
  5159 | D:7      | Gained mutation: You are agile. (Dex +2) [potion of mutation]
  5159 | D:7      | Lost mutation: Your mind is acute. (Int +2) [potion of mutation]
  5160 | D:7      | Gained mutation: You possess an exceptional clarity of mind. [potion of beneficial mutation]
  5161 | D:7      | Gained mutation: You are covered in fur (AC +1). [potion of beneficial mutation]
  5221 | D:7      | Reached *** piety under Trog
  5245 | D:7      | Found a radiant altar of Vehumet.
  5444 | D:7      | Noticed Crazy Yiuf
  5453 | D:7      | Killed Crazy Yiuf
  5507 | D:7      | Noticed Menkaure
  5511 | D:7      | Killed Menkaure
  5786 | D:7      | Reached skill level 5 in Dodging
  6049 | D:8      | Found a deep blue altar of Sif Muna.
  6697 | D:8      | Reached **** piety under Trog
  7103 | D:8      | Reached XP level 10. HP: 78/79 MP: 8/10
  7266 | D:8      | Noticed imganon's ghost (novice DsBe)
  7281 | D:8      | Killed imganon's ghost
  7874 | D:9      | Found an ancient bone altar of Kikubaaqudgha.
  8052 | D:9      | Found a burning altar of Makhleb.
  8053 | D:9      | Noticed an Executioner
  8077 | D:10     | Entered Level 10 of the Dungeon
  8080 | D:10     | Reached ***** piety under Trog
  8547 | D:10     | Noticed Erica
  8561 | D:10     | Killed Erica
  8561 | D:10     | Reached XP level 11. HP: 80/86 MP: 11/11
  9186 | D:11     | Noticed a fire dragon
  9186 | D:11     | Noticed a brown ugly thing
  9197 | D:11     | Killed a brown ugly thing
  9226 | D:11     | Killed a fire dragon
  9230 | D:11     | Noticed puimuR's ghost (novice HOBe)
  9271 | D:11     | HP: 1/87 [puimuR's ghost (7)]
  9502 | D:11     | Noticed a white ugly thing
  9520 | D:11     | Killed a white ugly thing
  9775 | D:11     | Noticed an eight-headed hydra
  9779 | D:11     | Noticed a red ugly thing
  9799 | D:11     | Mangled by a red ugly thing

Skill      XL: |  1  2  3  4  5  6  7  8  9 10 11 |
---------------+----------------------------------+-----
Polearms       | 2 3 4 5 6 7 |  7.7
Armour         | 3 4 5 6 7 8 |  8.1
Shields        | 3 4 5 6 7 8 |  8.0
Dodging        | 1 2 3 4 5 6 7 |  7.3
Fighting       | 4 5 6 7 8 |  8.9

Action                   |  1- 3 |  4- 6 |  7- 9 | 10-12 || total
-------------------------+-------+-------+-------+-------++-------
Melee: Trident           |   138 |       |       |       ||   138
       Spear             |    34 |    91 |   406 |   403 ||   934
Throw: Tomahawk          |       |       |     3 |     1 ||     4
Invok: Berserk           |       |     2 |     4 |     3 ||     9
       Trog's Hand       |       |       |     3 |     2 ||     5
  Use: Scroll            |    12 |       |    12 |     9 ||    33
       Potion            |     1 |       |     6 |     6 ||    13
 Stab: Distracted        |       |     1 |     4 |     2 ||     7
  Eat: Bread ration      |     2 |       |     2 |       ||     4
       Chunk             |     1 |       |       |     3 ||     4
       Meat ration       |       |       |     3 |       ||     3
       Fruit             |       |       |     2 |       ||     2
Armor: Scale mail        |    40 |       |       |       ||    40
       Plate armour      |    25 |    39 |   116 |   130 ||   310
Dodge: Dodged            |    33 |     6 |    46 |    66 ||   151
Block: Shield            |    68 |    33 |   117 |   147 ||   365
